 Dungeon Crawl Stone Soup version 0.28-a0-1033-g1a2f33fa85 (webtiles) character file.

Game seed: 9454314372735226464

762 oldriver the Magician (level 7, -1/76 HPs)
             Began as a Purple Draconian Conjurer on Dec 7, 2021.
             Was an Initiate of Vehumet.
             Slain by an orc wizard (2 damage)
             ... on level 5 of the Dungeon.
             The game lasted 00:04:28 (5799 turns).

oldriver the Magician (Purple Draconian Conjurer)   Turns: 5799, Time: 00:04:29

Health: -1/76      AC:  6    Str:  9    XL:     7   Next: 51%
Magic:  2/18       EV: 12    Int: 21    God:    Vehumet [......]
Gold:   63         SH:  0    Dex:  9    Spells: 14/21 levels left

rFire   . . .      SeeInvis .   f - staff of death
rCold   . . .      Faith    .   (no shield)
rNeg    + . .      Spirit   .   (armour unavailable)
rPois   .          Reflect  .   (helmet restricted)
rElec   .          Harm     .   (no cloak)
rCorr   .          Rampage  .   (no gloves)
Will    +....                   (no boots)
Stlth   ..........              (no amulet)
HPRegen 0.22/turn               (no ring)
MPRegen 0.16/turn               (no ring)

@: berserking, flying, very quick
A: breathe power, AC +6, unfitting armour, cold-blooded
a: Breathe Dispelling Energy, Renounce Religion


You were on level 5 of the Dungeon.
You worshipped Vehumet.
Vehumet was noncommittal.
You visited 2 branches of the dungeon, and saw 7 of its levels.

You collected 114 gold pieces.
You spent 51 gold pieces at shops.

Inventory:

Missiles
 g - a throwing net
Magical Staves
 c - a staff of cold
 f - a staff of death (weapon)
Wands
 o - a wand of iceblast (5)
Scrolls
 b - 2 scrolls of amnesia {unknown}
 d - a scroll of fog {unknown}
 h - a scroll of immolation {unknown}
 i - a scroll of blinking {unknown}
 k - 3 scrolls of identify {unknown}
 m - a scroll of magic mapping {unknown}
 n - a scroll of summoning {unknown}
Potions
 a - a potion of haste {unknown}
 e - 2 potions of flight
 j - a potion of resistance {unknown}
 l - a potion of curing


   Skills:
 + Level 0.3 Fighting
 + Level 2.2 Dodging
 + Level 2.3 Stealth
 - Level 0.3 Unarmed Combat
 * Level 7.9 Spellcasting
 + Level 5.2 Conjurations
 * Level 1.8 Translocations


You had 14 spell levels left.
You knew the following spells:

 Your Spells              Type           Power      Damage    Failure   Level
a - Magic Dart            Conj           100%       1d8       1%          1
b - Searing Ray           Conj           60%        2d6       1%          2
c - Iskenderun's Mystic   Conj/Tloc      23%        2d6       19%         4

Your spell library contained the following spells:

 Spells                   Type           Power      Damage    Failure   Level
 Freeze                   Ice            32%        1d5       9%          1
 Dazzling Flash           Conj/Hex       38%        N/A       9%          3
 Frozen Ramparts          Ice            16%        1d3       24%         3
 Fulminant Prism          Conj/Hex       9%         3d7       26%         4
 Hailstorm                Conj/Ice       19%        3d6       26%         4
 Animate Dead             Necr           6%         N/A       63%         4
 Haunt                    Necr/Summ      6%         N/A       100%        7
 Infestation              Necr           6%         N/A       100%        8


Dungeon Overview and Level Annotations

Branches:
Dungeon (6/15)             Temple (1/1) D:4

Altars:
Cheibriados
Dithmenos
Elyvilon
Fedhas
Gozag
Nemelex Xobeh
Okawaru
Ru
Sif Muna
Trog
Uskayaw
Vehumet
Wu Jian
Xom
Yredelemnul
Zin
The Shining One

Shops:
D:3 *


Innate Abilities, Weirdness & Mutations

You can breathe bolts of dispelling energy.
Your rich purple scales are hard. (AC +6)
You cannot fit into any form of body armour.
You are cold-blooded and may be slowed by cold attacks.


Message History

The hornet zombie hits you but does no damage.
Something hits you.
The searing ray hits the hornet zombie.
The hornet zombie is severely damaged.
The searing ray hits something.
Vehumet accepts your kill.
Reactivating autopickup.
You feel a bit more experienced.
The hornet zombie hits you but does no damage.
Something hits you but does no damage.
Deactivating autopickup; reactivate with Ctrl-A.
The hornet zombie hits you!
* * * LOW HITPOINT WARNING * * *
Okay, then.
It was a potion of flight.
You feel very buoyant.
You fly up into the air.
Something hits you.
* * * LOW HITPOINT WARNING * * *
The hornet zombie barely misses you.
It was a potion of curing.
You feel better. The hornet zombie hits you!
* * * LOW HITPOINT WARNING * * *
Something hits you.
* * * LOW HITPOINT WARNING * * *
Okay, then.
It was a potion of berserk rage.
A red film seems to cover your vision as you go berserk!
You feel yourself moving faster!
You feel mighty! The hornet zombie hits you.
* * * LOW HITPOINT WARNING * * *
Something hits you.
* * * LOW HITPOINT WARNING * * *
The hornet zombie closely misses you.
You barely miss the hornet zombie.
The hornet zombie is severely damaged.
Something hits you but does no damage. The hornet zombie hits you!
* * * LOW HITPOINT WARNING * * *
Unknown command.
You hit the hornet zombie.
The hornet zombie is almost destroyed.
Something hits you.
You die...

....#..........Z........#.##..##
.#.##.....##......#.......##...#
.##.......###..#..###..........#
......#..##.#..##.........###.##
##...##................#### ###
##...............รท#...##
###...........)...#....#
#.............#Z.......#
#.............#.@......##
##.......#.......{......#
#...#.####......##.###.###
#...#.# #.......####....#
#....## ###...###......## #..###
#....#.....#.## ####
###........### #(.....###
####.....#


You could see a hornet zombie.

Vanquished Creatures
  A sky beast (D:3)
  A black bear (D:5)
  3 necrophages
  2 hounds
  An iguana (D:5)
  An orc wizard (D:5)
  A hound skeleton (D:5)
  A gnoll (D:2)
  7 adders
  2 worms
  5 dart slugs
  8 orcs
  4 endoplasms
  2 giant cockroaches (D:3)
  8 goblins
  10 hobgoblins
  7 jackals
  3 quokkas
  5 ball pythons
  5 bats
  5 frilled lizards
  7 kobolds
  8 rats
97 creatures vanquished.

Notes
Turn   | Place    | Note
-------+----------+-------------------------------------------
     0 | D:1      | oldriver the Draconian Conjurer began the quest for the
                  | Orb.
     0 | D:1      | Reached XP level 1. HP: 14/14 MP: 3/3
   416 | D:1      | Reached XP level 2. HP: 20/20 MP: 0/5
   742 | D:1      | Reached skill level 3 in Spellcasting
  1334 | D:2      | Reached XP level 3. HP: 26/26 MP: 5/7
  1806 | D:2      | Found a sacrificial altar of Ru.
  2250 | D:2      | Reached skill level 4 in Spellcasting
  2250 | D:2      | Reached XP level 4. HP: 26/33 MP: 1/10
  2654 | D:2      | Learned a level 2 spell: Searing Ray
  2659 | D:2      | Learned a level 4 spell: Iskenderun's Mystic Blast
  3372 | D:3      | Noticed a sky beast
  3377 | D:3      | Killed a sky beast
  3378 | D:3      | Reached skill level 5 in Spellcasting
  3378 | D:3      | Reached XP level 5. HP: 27/38 MP: 4/12
  3515 | D:3      | Found Nep Nufe's Assorted Antiques.
  3524 | D:3      | Bought a pink potion for 24 gold pieces
  3524 | D:3      | Bought a scroll labelled IROSHILL JUAX for 27 gold pieces
  3793 | D:4      | Found an ornate altar of the Wu Jian Council.
  3906 | D:4      | Reached XP level 6. HP: 45/45 MP: 7/14
  3976 | D:4      | Found a staircase to the Ecumenical Temple.
  4071 | Temple   | Entered the Ecumenical Temple
  4078 | Temple   | Became a worshipper of Vehumet
  4957 | D:5      | Entered Level 5 of the Dungeon
  5095 | D:4      | Reached skill level 6 in Spellcasting
  5237 | D:5      | Reached skill level 5 in Conjurations
  5237 | D:5      | Reached skill level 1 in Translocations
  5237 | D:5      | Your scales start taking on a rich purple colour.
  5237 | D:5      | Reached skill level 7 in Spellcasting
  5237 | D:5      | Reached XP level 7. HP: 36/50 MP: 9/17
  5798 | D:5      | HP: 1/76 [hornet zombie (8)]
  5799 | D:5      | Slain by an orc wizard

Illustrated notes

Levels and vault maps discovered:
D:1:      minmay_arrival_loop, layout_loops_corners
D:2:      minmay_chambers_of_ones, layout_loops_ring, basic_altar
D:3:      layout_basic, serial_shops, nicolae_shop_statue_plus
D:4:      wad_lake_hut, layout_gridville, nzn_wu_jian_contemplation,
          minmay_temple_entry_wispy, hangedman_decor_diamond_cutter,
          minivault_11, nrook_uturn
D:5:      layout_cave_pools, grunt_ministairs_10, minmay_misc_feat_alley
D:6:      layout_rooms, grunt_qazlal_clouds
Temple:   nicolae_temple_no_exploring_needed

Skill      XL: |  1  2  3  4  5  6 |
---------------+-------------------+-----
Spellcasting   | 3 4 5 7 |  7.9
Stealth        | 2 |  2.3
Dodging        | 2 |  2.2
Conjurations   | 5 |  5.2
Translocations | 1 |  1.8
Fighting       | |  0.3
Unarmed Combat | |  0.3

Action                   |  1- 3 |  4- 6 |  7- 9 || total
-------------------------+-------+-------+-------++-------
Melee: Unarmed           |     9 |       |       ||     9
       Staff             |       |    11 |     2 ||    13
       Tailslap          |       |     2 |       ||     2
 Cast: Magic Dart        |    92 |   118 |    22 ||   232
       Searing Ray       |       |     7 |     5 ||    12
  Use: Potion            |       |       |     3 ||     3
Armor: Skin              |    16 |    27 |     9 ||    52
Dodge: Dodged            |    21 |    47 |     6 ||    74

Table legend: (Time is in decaauts)
 A = Elapsed time spent in this place.
 B = Non-inter-level travel time spent in this place.
 C = Inter-level travel time spent in this place.
 D = Time resting spent in this place.
 E = Time spent auto-exploring this place.
 F = Levels seen in this place.
 G = Mean time per level.
                   A        B        C        D        E       F      G
               +--------+--------+--------+--------+--------+-----+--------+
         Total |   5838 |   5655 |    183 |   1062 |   4035 |   7 |  834.0 |
       Dungeon |   5821 |   5652 |    169 |   1062 |   4033 |   6 |  970.2 |
        Temple |     16 |      3 |     13 |      0 |      2 |   1 |   16.0 |
               +--------+--------+--------+--------+--------+-----+--------+

Top non-repeatable levels by time:
     D:2: 1447 daAuts
     D:4: 1437 daAuts
     D:1: 1228 daAuts
     D:3: 1057 daAuts
     D:5: 649 daAuts
  Temple: 16 daAuts
     D:6: 1 daAuts
